 Dungeon Crawl Stone Soup version 0.30.0 (webtiles) character file.

Game seed: 16309689352723171980

72 jasper the Stinger (level 4, -5/21 HPs)
             Began as a Spriggan Venom Mage on May 6, 2023.
             Was an Initiate of Ashenzari.
             Killed from afar by a white imp (11 damage)
             ... with a puff of frost
             ... on level 3 of the Dungeon.
             The game lasted 00:04:58 (2292 turns).

jasper the Stinger (Spriggan Venom Mage)            Turns: 2292, Time: 00:04:58

Health: -5/21      AC:  2    Str: 10    XL:     4   Next: 6%
Magic:  5/9        EV: 17    Int: 18    God:    Ashenzari [......]
Gold:   80         SH:  0    Dex: 15    Spells: 2/8 levels left

rFire   . . .        q - +2 dagger (venom)
rCold   . . .        (no shield)
rNeg    . . .        a - +0 robe
rPois   .            (helmet restricted)
rElec   .            (no cloak)
rCorr   .            (gloves unavailable)
SInv    +            (boots unavailable)
Will    .....        (no amulet)
Stlth   +++          p - +6 ring of strength
HPRegen 0.23/turn    (no ring)
MPRegen 0.11/turn

%: no passive effects
@: very slightly contaminated, very quick
A: very small, no large weapons, unfitting armour, see invisible, speed 3
a: Renounce Religion


You were on level 3 of the Dungeon.
You worshipped Ashenzari.
Ashenzari was noncommittal.
You visited 1 branch of the dungeon, and saw 3 of its levels.

You collected 80 gold pieces.

Inventory:

Hand Weapons
 f - a +0 spear
 q - a +2 dagger of venom (weapon)
Missiles
 c - 50 stones
Armour
 a - a +0 robe (worn)
Jewellery
 p - a +6 ring of strength (left hand)
Scrolls
 g - a scroll of identify {unknown}
 h - a scroll of teleportation {unknown}
 i - a scroll of immolation {unknown}
 n - a scroll of poison {unknown}
 o - a scroll of brand weapon {unknown}
Potions
 b - 2 potions of magic
 d - 2 potions of curing {unknown}
 e - 2 potions of degeneration {unknown}
 j - 2 potions of might {unknown}
 k - a potion of heal wounds {unknown}
 l - 2 potions of cancellation {unknown}
 m - a potion of attraction {unknown}
 r - a potion of mutation {unknown}


   Skills:
 - Level 2.6 Dodging
 + Level 4.4 Stealth
 - Level 2.6 Spellcasting
 - Level 1.3 Transmutations
 * Level 4.4 Poison Magic


You had 2 spell levels left.
You knew the following spells:

 Your Spells              Type           Power      Damage    Failure   Level
a - Sting                 Tmut/Pois      48%        1d5       4%          1
b - Poisonous Vapours     Pois/Air       20%        N/A       11%         2
c - Mephitic Cloud        Conj/Pois/Air  7%         N/A       28%         3

Your spell library contained the following spells:

 Spells                   Type           Power      Damage    Failure   Level
 Foxfire                  Conj/Fire      8%         2x1d4     17%         1
 Olgreb's Toxic Radiance  Pois           18%        N/A       26%         4
 Fireball                 Conj/Fire      1%         3d3       99%         5
 Plasma Beam              Fire/Air       1%         2x1d12    100%        6
 Starburst                Conj/Fire      1%         6d3       100%        6


Dungeon Overview and Level Annotations

Branches:
Dungeon (3/15)

Altars:
Ashenzari
Uskayaw
Wu Jian

Shops:
D:2 (


Innate Abilities, Weirdness & Mutations

You are very small and have problems with some larger weapons.
You are too small for most types of armour.
You have supernaturally acute eyesight. (SInv)
You cover ground extremely quickly. (Speed+++)


Message History

The white imp gestures at you. The puff of frost hits you!
Ouch! That really hurt!
You are too injured to fight recklessly!
You are too injured to fight recklessly!
Casting: Sting (safe; 4% risk of failure)
Confirm with . or Enter, or press ? or * to list all spells.
Aiming: Sting (safe; 4% risk of failure)
Press: ? - help, Shift-Dir - straight line, f/p - white imp
Aim: a white imp (lightly wounded, poisoned, 71% to hit)
You miscast Sting.
You are very lightly contaminated with residual magic.
Nothing appears to happen.
Casting: Sting (safe; 4% risk of failure)
Confirm with . or Enter, or press ? or * to list all spells.
Aiming: Sting (safe; 4% risk of failure)
Press: ? - help, Shift-Dir - straight line, f/p - white imp
Aim: a white imp (moderately wounded, poisoned, 71% to hit)
You miscast Sting.
Nothing appears to happen.
The white imp closely misses you.
You closely miss the white imp.
The white imp is moderately wounded.
The white imp hits you. The white imp freezes you.
* * * LOW HITPOINT WARNING * * *
You barely miss the white imp.
The white imp is moderately wounded.
The white imp gestures at you. The puff of frost misses you.
Casting: Sting (safe; 4% risk of failure)
Confirm with . or Enter, or press ? or * to list all spells.
Aiming: Sting (safe; 4% risk of failure)
Press: ? - help, Shift-Dir - straight line, f/p - white imp
Aim: a white imp (moderately wounded, poisoned, 71% to hit)
The sting hits the white imp.
The white imp partially resists.
The white imp looks even sicker.
The white imp is severely wounded.
The white imp shouts, "Disclaim thyself, thou errant rude-growing pissant!"
The white imp gestures at you. The puff of frost hits you!
Ouch! That really hurt!
You die...

#.........###..#..#
#.........# ##...##
#.........# ##.##
#.........# #_#
#.........# ###
..#........##
.....##...##
.###....######$#
.......#..@5...#
##.##>.....##### #
##.#.#.# ###.#.#
#.#.# ..#.# ..#.#
####.#


You could see a white imp (very poisoned).

Vanquished Creatures
  3 adders
  A dart slug (D:3)
  6 ball pythons
  3 bats
  2 endoplasms
  4 giant cockroaches
  6 goblins
  4 hobgoblins
  2 kobolds (D:1)
  A quokka (D:3)
  A frilled lizard (D:2)
  7 rats
40 creatures vanquished.

Notes
Turn   | Place    | Note
-------+----------+-------------------------------------------
     0 | D:1      | jasper the Spriggan Venom Mage began the quest for the Orb.
     0 | D:1      | Reached XP level 1. HP: 9/9 MP: 5/5
   254 | D:1      | Reached XP level 2. HP: 13/13 MP: 3/6
   257 | D:1      | Learned a level 2 spell: Poisonous Vapours
   958 | D:2      | Reached XP level 3. HP: 14/16 MP: 1/8
   962 | D:2      | Learned a level 3 spell: Mephitic Cloud
  1546 | D:2      | Found Kiuschol's Antique Weapon Emporium.
  2156 | D:3      | Found a faded altar of an unknown god.
  2156 | D:3      | Found a broken altar of Ashenzari.
  2204 | D:3      | Reached XP level 4. HP: 21/21 MP: 5/9
  2210 | D:3      | Found a faded altar of an unknown god.
  2213 | D:3      | Became a worshipper of Ashenzari the Shackled
  2258 | D:3      | Found a hide-covered altar of Uskayaw.
  2260 | D:3      | Found an ornate altar of the Wu Jian Council.
  2292 | D:3      | Killed from afar by a white imp

Illustrated notes

Levels and vault maps discovered:
D:1:      minmay_arrival_cross, layout_rooms, feat_on_display
D:2:      layout_basic, serial_shops, shop, hangedman_decor_points
D:3:      layout_basic, chequers_temple_overflow_minitemple,
          grunt_gozag_statues, uniq_robin

Skill      XL: |  1  2  3 |
---------------+----------+-----
Poison Magic   | 4 |  4.4
Stealth        | 4 |  4.4
Dodging        | |  2.6
Spellcasting   | |  2.6
Transmutations | |  1.3

Action                     |  1- 3 |  4- 6 || total
---------------------------+-------+-------++-------
  Melee: Spear             |     1 |       ||     1
         Dagger            |       |     2 ||     2
   Cast: Sting             |    50 |     2 ||    52
         Poisonous Vapours |    11 |       ||    11
  Dodge: Dodged            |     5 |     2 ||     7
